 Dungeon Crawl Stone Soup version 0.22-a0-362-g535178c (webtiles) character file.

66 Cashew the Ruffian (level 3, -2/36 HPs)
             Began as a Troll Monk on Apr 19, 2018.
             Succumbed to a gnoll's poison
             ... on level 2 of the Dungeon.
             The game lasted 00:02:38 (613 turns).

Cashew the Ruffian (Troll Monk)                      Turns: 613, Time: 00:02:38

Health: -2/36      AC:  5    Str: 19    XL:     3   Next: 96%
Magic:  2/2        EV: 10    Int:  7    God:
Gold:   89         SH:  0    Dex: 12    Spells: 2/2 levels left

rFire    . . .     SeeInvis .     - Unarmed
rCold    . . .     Gourm    +   (no shield)
rNeg     . . .     Faith    .   a - +0 robe
rPois    .         Spirit   .   (helmet restricted)
rElec    .         Reflect  .   (no cloak)
rCorr    .         Harm     .   (gloves unavailable)
MR       .....                  (boots unavailable)
Stlth    ++........             (no amulet)
HPRegen  0.52/turn              (no ring)
MPRegen  0.08/turn              (no ring)

@: lethally poisoned (-2 -> -36)
A: large, unfitting armour, claws 3, fast metabolism 3, gourmand, regeneration
1, shaggy fur 1, tough skin 2
a: no special abilities


You were on level 2 of the Dungeon.
You were completely stuffed.

You visited 1 branch of the dungeon, and saw 2 of its levels.

You collected 89 gold pieces.

Inventory:

Missiles
 c - 51 stones (quivered)
Armour
 a - a +0 robe (worn)
Scrolls
 d - a scroll of amnesia {unknown}
 h - a scroll of noise {unknown}
Potions
 e - a potion of invisibility {unknown}
Comestibles
 b - 3 rations
 g - 2 chunks of flesh


   Skills:
 - Level 2.4 Fighting
 - Level 2.4 Dodging
 - Level 1.0 Stealth
 + Level 4.9 Unarmed Combat


You had 2 spell levels left.
You didn't know any spells.

Dungeon Overview and Level Annotations

Branches:
Dungeon (2/15)

Altars:


Innate Abilities, Weirdness & Mutations

You are too large for most types of armour.
You have claws for hands.
Your metabolism is lightning-fast.
You like to eat raw meat.
Your natural rate of healing is unusually fast.
You are covered in fur. (AC +1)
You have very tough skin. (AC +2)


Message History

Welcome, Cashew the Troll Monk.
The bosom of this dungeon contains the fabled artefact, the Orb of Zot.
Press ? for a list of commands and other information.
Found a staircase leading out of the dungeon.
You open the door.
There is an open door here.
A goblin comes into view. It is wielding a dagger of draining.
Found 2 gold pieces.
A leopard gecko and a kobold come into view.
The goblin shouts!
The leopard gecko hisses angrily.
The goblin barely misses you.
You scratch the goblin.
You kill the goblin!
The kobold barely misses you.
You scratch the kobold but do no damage.
You claw the leopard gecko!
You kill the leopard gecko!
The kobold hits you with a short sword.
You scratch the kobold.
You kill the kobold!
No target in view!
HP restored.
Things that are here:
a short sword; a kobold corpse You now have 2 gold pieces.
Found a hand axe.
A giant cockroach and a goblin come into view.
There are monsters nearby!
A hobgoblin comes into view. It is wielding a club.
You scratch the goblin.
You kill the goblin!
You scratch the giant cockroach.
You kill the giant cockroach!
No target in view!
No target in view!
Things that are here:
a giant cockroach corpse; a goblin corpse You aren't carrying any items that you can evoke.
Butcher a giant cockroach corpse? [(y)es/(n)o/(a)ll/(q)uit/?]
You butcher the giant cockroach corpse.
You butcher the goblin corpse.
c - 2 chunks of flesh;
c - 5 chunks of flesh (gained 3)
You see here a goblin skeleton.
A hobgoblin is nearby!
The hobgoblin shouts!
A hobgoblin comes into view. It is wielding a club.
Found an amethyst potion.
You barely miss the hobgoblin. The hobgoblin hits you with a club.
The hobgoblin hits you but does no damage.
You scratch the hobgoblin.
The hobgoblin is heavily wounded.
The hobgoblin closely misses you.
The hobgoblin hits you but does no damage.
You scratch the hobgoblin.
The hobgoblin is almost dead.
You scratch the hobgoblin.
You kill the hobgoblin!
You have reached level 2!
The hobgoblin barely misses you.
You claw the hobgoblin!
You kill the hobgoblin!
No target in view!
No target in view!
No target in view!
Eating one of 5 chunks of flesh.
You eat one of the 5 chunks of flesh.
This raw flesh tastes great.
Eating one of 4 chunks of flesh.
You eat one of the 4 chunks of flesh.
This raw flesh tastes great.
Eating one of 3 chunks of flesh.
You eat one of the 3 chunks of flesh.
This raw flesh tastes great.
Eating one of 2 chunks of flesh.
You eat one of the 2 chunks of flesh.
This raw flesh tastes great.
Eating a chunk of flesh.
You eat the chunk of flesh.
This raw flesh tastes great.
You see here a club.
c - an amethyst potion You open the door.
There is an open door here.
A bat comes into view.
Found 13 gold pieces.
A bat is nearby!
Found 9 gold pieces.
The helpless bat fails to defend itself.
You scratch the bat.
The bat is moderately wounded.
The bat hits you but does no damage.
You scratch the bat.
You kill the bat!
No target in view!
No target in view!
Found 11 poisoned needles.
You now have 11 gold pieces (gained 9).
You now have 24 gold pieces (gained 13).
d - a scroll labeled INOAR FEIRRIYV You see here 11 poisoned needles.
Found a dagger.
A goblin comes into view.
A rat comes into view.
The goblin shouts!
The goblin closely misses you.
You barely miss the goblin. The goblin closely misses you.
You claw the goblin!
You kill the goblin!
You see here a dagger.
The rat barely misses you.
You scratch the rat.
You kill the rat!
No target in view!
No target in view!
e - a smoky black potion You open the door.
A kobold comes into view. It is wielding a short sword.
A kobold is nearby!
A leopard gecko comes into view.
There is an open door here.
A hobgoblin and a kobold come into view.
The kobold shouts!
The leopard gecko hisses angrily.
The kobold shouts!
The kobold throws a stone.
The stone closely misses you.
You see here a stone.
You claw the kobold!
You kill the kobold!
The leopard gecko bites you.
Found 15 arrows.
Things that are here:
a short sword; a stone; a kobold corpse You claw the leopard gecko!
You kill the leopard gecko!
You claw the hobgoblin!
You kill the hobgoblin!
You scratch the kobold but do no damage.
The kobold hits you but does no damage.
You claw the kobold!
You kill the kobold!
You see here a stone.
Firing (i - inventory) No suitable missiles.
Press: ? - help, Shift-Dir - straight line, f - you
Okay, then.
c - a stone (quivered);
f - an amethyst potion
c - 2 stones (gained 1)
Things that are here:
a short sword; a kobold corpse
Things that are here:
a whip; a kobold corpse
Found a stone staircase leading down.
b - 3 rations (gained 1)
Found a runed helmet.
A goblin comes into view. It is wielding a dagger.
The goblin hits you but does no damage.
You claw the goblin!
You kill the goblin!
Your Unarmed Combat skill increases to level 4!
You see here a dagger.
A leopard gecko comes into view.
The leopard gecko hisses angrily.
The leopard gecko moves out of view.
The leopard gecko is too close now for your liking.
You claw the leopard gecko!
You kill the leopard gecko!
No target in view!
Found a club.
A kobold comes into view.
The kobold shouts!
The kobold throws a stone.
The stone barely misses you.
The kobold throws a stone.
The stone hits you but does no damage.
You see here a stone.
You closely miss the kobold. The kobold hits you but does no damage.
You closely miss the kobold. The kobold barely misses you.
You claw the kobold!
You kill the kobold!
No target in view!
c - 3 stones (gained 1)
c - 4 stones (gained 1)
A frilled lizard comes into view.
Found 2 gold pieces.
Found a stone staircase leading down.
A frilled lizard is nearby!
The helpless frilled lizard fails to defend itself.
You scratch the frilled lizard.
You kill the frilled lizard!
No target in view!
You butcher the frilled lizard corpse.
g - a chunk of flesh Eating a chunk of flesh.
You eat the chunk of flesh.
This raw flesh tastes great.
There is a stone staircase leading down here.
You now have 26 gold pieces (gained 2).
A frilled lizard comes into view.
Found 10 gold pieces and an amethyst potion.
A bat comes into view.
Found a ring mail.
A bat comes into view.
The bat closely misses you. The bat barely misses you.
You see here 10 gold pieces.
You closely miss the bat. The bat closely misses you. The bat hits you.
You scratch the bat.
You kill the bat!
The bat closely misses you. The bat barely misses you.
You claw the bat!
You kill the bat!
The frilled lizard closely misses you.
You miss the frilled lizard. The frilled lizard closely misses you.
You miss the frilled lizard. The frilled lizard barely misses you.
You claw the frilled lizard!
You kill the frilled lizard!
No target in view!
You now have 36 gold pieces (gained 10).
f - 2 amethyst potions (gained 1) 2 rats and a goblin come into view.
Found a robe.
A leopard gecko and a goblin come into view.
The rat closely misses you.
The goblin shouts!
You see here a robe.
You claw the goblin!
You kill the goblin!
The goblin shouts!
The rat barely misses you. The rat misses you. The bat misses you.
A leopard gecko and a bat come into view.
The leopard gecko hisses angrily.
You scratch the bat but do no damage. The bat hits you but does no damage. x2
The rat bites you. The rat bites you but does no damage.
You completely miss the bat. The bat hits you but does no damage.
The bat barely misses you. The rat closely misses you.
The rat bites you but does no damage.
You closely miss the bat. The bat barely misses you. The rat bites you.
The rat bites you but does no damage.
You scratch the leopard gecko.
The leopard gecko is severely wounded.
The leopard gecko bites you. The rat barely misses you.
The rat bites you but does no damage.
A bat comes into view.
You claw the leopard gecko!
You kill the leopard gecko!
You have reached level 3!
Your experience leads to an increase in your attributes!
Increase (S)trength, (I)ntelligence, or (D)exterity?
Uppercase letters only, please.
You feel clever.
You feel stronger. The bat closely misses you. The rat barely misses you.
The rat closely misses you. The bat hits you but does no damage.
The bat misses you.
You scratch the bat.
You kill the bat!
You closely miss the goblin. The goblin closely misses you.
You barely miss the goblin. The goblin hits you with a club.
You scratch the goblin but do no damage.
The goblin barely misses you.
You claw the goblin!
You kill the goblin!
The bat misses you. The bat closely misses you.
You barely miss the bat. The bat hits you but does no damage. x2
You claw the bat!
You kill the bat!
You closely miss the rat. The rat bites you but does no damage.
You claw the rat!
You kill the rat!
The rat moves out of view.
You scratch the leopard gecko.
The leopard gecko is almost dead.
The leopard gecko bites you.
You closely miss the leopard gecko.
The leopard gecko is almost dead.
The leopard gecko bites you but does no damage.
You closely miss the leopard gecko.
The leopard gecko is almost dead.
The leopard gecko bites you but does no damage.
You claw the leopard gecko!
You kill the leopard gecko!
You scratch the rat.
You kill the rat!
Items here: ) [ ††††† You butcher the rat corpse.
g - a chunk of flesh You butcher the leopard gecko corpse.
g - 2 chunks of flesh (gained 1)
You butcher the rat corpse.
g - 3 chunks of flesh (gained 1)
You butcher the bat corpse.
g - 4 chunks of flesh (gained 1)
You butcher the bat corpse.
g - 5 chunks of flesh (gained 1)
Things that are here:
a club; a robe
Things that are here:
a club; a robe Eating one of 5 chunks of flesh.
You eat one of the 5 chunks of flesh.
This raw flesh tastes great.
Eating one of 4 chunks of flesh.
You eat one of the 4 chunks of flesh.
This raw flesh tastes great.
Eating one of 3 chunks of flesh.
You eat one of the 3 chunks of flesh.
This raw flesh tastes great.
You butcher the goblin corpse.
g - 5 chunks of flesh (gained 3)
You see here a goblin skeleton. x2
You now have 46 gold pieces (gained 10).
c - 25 stones (gained 21)
You open the door.
There is an open door here.
Found a hand axe.
You now have 53 gold pieces (gained 7).
You see here a hand axe.
You now have 61 gold pieces (gained 8).
You open the door.
There is an open door here.
There is an open door here.
You now have 76 gold pieces (gained 15).
Eating one of 5 chunks of flesh.
You eat one of the 5 chunks of flesh.
This raw flesh tastes great.
A frilled lizard comes into view.
The frilled lizard hisses angrily.
Found 8 gold pieces and 26 stones.
A frilled lizard is nearby!
The frilled lizard bites you but does no damage.
You claw the frilled lizard!
You kill the frilled lizard!
No target in view!
No target in view!
No target in view!
You now have 84 gold pieces (gained 8).
c - 51 stones (gained 26)
Found a helmet.
You see here a helmet.
Things that are here:
a club; a robe You see here a goblin skeleton.
Found a runed hand axe.
You see here a hand axe.
Eating one of 4 chunks of flesh.
You eat one of the 4 chunks of flesh.
This raw flesh tastes great.
Found a stone staircase leading down.
Found an escape hatch in the floor.
A rat comes into view.
A rat is nearby!
You see here 5 gold pieces.
You closely miss the rat. The rat misses you.
You barely miss the rat. The rat bites you but does no damage.
You claw the rat!
You kill the rat!
No target in view!
No target in view!
You now have 89 gold pieces (gained 5).
You butcher the rat corpse.
g - 4 chunks of flesh (gained 1)
You see here a rat skeleton. x2
Some of the chunks of flesh in your inventory have rotted away.
A goblin and a dart slug come into view.
Found a whip.
The goblin shouts!
The dart slug closely misses you.
You scratch the dart slug.
The dart slug is severely wounded.
You scratch the dart slug but do no damage.
The dart slug is severely wounded.
The dart slug launches a dart at you. The slug dart misses you.
You completely miss the dart slug.
The dart slug is severely wounded.
The dart slug launches a dart at you. The slug dart hits you!
You scratch the dart slug.
You kill the dart slug!
You claw the goblin!
You kill the goblin!
No target in view!
No target in view!
No target in view!
You butcher the dart slug corpse.
g - 4 chunks of flesh (gained 1)
You see here a whip. x2
Some of the chunks of flesh in your inventory have rotted away.
h - a scroll labeled XYPEYH IKEROBA Done exploring.
There is an escape hatch in the floor here.
There is a stone staircase leading down here.
You climb downwards.
A goblin and 4 gnolls come into view.
A gnoll is wielding a spear of venom.
The gnoll shouts!
Found a runed short sword.
Found an escape hatch in the floor.
There is a stone staircase leading up here.
The goblin shouts!
The gnoll shouts!
Found a scroll labeled FOLAPPAS BEEMA.
Found a scroll labeled XYPEYH IKEROBA.
The gnoll shouts!
You claw the goblin!
You kill the goblin!
A giant cockroach comes into view.
You barely miss the gnoll. The gnoll misses you.
You claw the gnoll!
The gnoll is severely wounded.
The gnoll barely misses you.
You mangle the gnoll!!
You kill the gnoll!
The gnoll hits you but does no damage.
You are poisoned.
A bat comes into view.
You feel sick.
Found 10 gold pieces.
You closely miss the gnoll.
You feel sick. The gnoll hits you with a flail.
You claw the gnoll!
The gnoll is almost dead.
The gnoll barely misses you.
You claw the gnoll!
You kill the gnoll!
You feel sick. The bat hits you but does no damage.
The gnoll hits you but does no damage.
You are more poisoned.
You feel sick.
The gnoll closely misses you. x2; The bat hits you.
You see here a flail.
You closely miss the gnoll.
You feel sick. The bat hits you but does no damage.
The gnoll barely misses you.
The gnoll hits you with a spear of venom.
* * * LOW HITPOINT WARNING * * *
You are more poisoned.
You claw the bat!
You kill the bat!
You feel sick.
The gnoll hits you from afar with a spear.
* * * LOW HITPOINT WARNING * * *
The gnoll closely misses you.
You closely miss the giant cockroach.
You feel sick.
The giant cockroach bites you but does no damage.
The gnoll hits you from afar with a spear.
* * * LOW HITPOINT WARNING * * *
The gnoll hits you with a spear of venom.
* * * LOW HITPOINT WARNING * * *
You are lethally poisoned!
It was a potion of heal wounds.
You feel much better.
You feel sick. The giant cockroach barely misses you.
The gnoll hits you but does no damage.
The gnoll hits you with a spear of venom.
You are lethally poisoned!
The giant cockroach closely misses you.
You barely miss the giant cockroach.
* * * LOW HITPOINT WARNING * * *
You feel very sick. The gnoll closely misses you.
The giant cockroach bites you.
* * * LOW HITPOINT WARNING * * *
The gnoll hits you with a spear of venom.
* * * LOW HITPOINT WARNING * * *
You are more poisoned.
You scratch the giant cockroach.
The giant cockroach is moderately wounded.
* * * LOW HITPOINT WARNING * * *
You feel very sick.
The gnoll hits you from afar with a spear.
* * * LOW HITPOINT WARNING * * *
The giant cockroach bites you but does no damage.
You feel much better.
* * * LOW HITPOINT WARNING * * *
You feel very sick. The gnoll completely misses you.
The giant cockroach closely misses you.
The gnoll hits you from afar with a spear.
* * * LOW HITPOINT WARNING * * *
You closely miss the giant cockroach.
The giant cockroach is moderately wounded.
* * * LOW HITPOINT WARNING * * *
You feel very sick.
The gnoll hits you with a spear of venom.
* * * LOW HITPOINT WARNING * * *
You are more poisoned.
The giant cockroach barely misses you.
The gnoll hits you from afar with a spear.
* * * LOW HITPOINT WARNING * * *
You claw the giant cockroach!
You kill the giant cockroach!
* * * LOW HITPOINT WARNING * * *
You feel very sick. The gnoll hits you but does no damage.
The gnoll hits you from afar with a spear.
* * * LOW HITPOINT WARNING * * *
Unknown command.
You scratch the gnoll.
The gnoll is moderately wounded.
You die...

# ###.# #.
....
.#####...#####
$.........>..
...........?
..)......
#.......#
#†#...#
#@#...#
#g#.<.#.#
#g......#
###...###
......#
..#.#..#
#gg#..#.#
...g#.##.?
.#..# .# ##


You could see 2 gnolls.

Vanquished Creatures
  2 gnolls (D:2)
  A dart slug (D:1)
  5 leopard geckos (D:1)
  6 bats
  2 giant cockroaches
  8 goblins
  3 hobgoblins (D:1)
  3 frilled lizards (D:1)
  4 kobolds (D:1)
  4 rats (D:1)
38 creatures vanquished.

Notes
Turn   | Place    | Note
-------+----------+-------------------------------------------
     0 | D:1      | Cashew the Troll Monk began the quest for the Orb.
     0 | D:1      | Reached XP level 1. HP: 22/22 MP: 0/0
    58 | D:1      | Reached XP level 2. HP: 27/29 MP: 1/1
   227 | D:1      | Reached skill level 4 in Unarmed Combat
   335 | D:1      | Reached XP level 3. HP: 35/36 MP: 2/2
   612 | D:2      | HP: 1/36 [gnoll/spear (1)]
   613 | D:2      | Succumbed to a gnoll's poison

Vault maps used:
D:1:      giann_horns, minmay_tall_x
D:2:      minmay_cupped

Skill      XL: |  1  2 |
---------------+-------+-----
Unarmed Combat | 4 |  4.9
Fighting       | |  2.4
Dodging        | |  2.4
Stealth        | |  1.0

Action                   || total
-------------------------++-------
Melee: Unarmed           ||    77
       Punch             ||     1
  Use: Potion            ||     2
 Stab: Sleeping          ||     2
  Eat: Chunk             ||    11
Armor: Robe              ||    26
Dodge: Dodged            ||    50

Table legend:
 A = Spawn XP
 B = Non-spawn XP
 C = Spawn XP percentage of total XP
 D = Spawn monster count
 E = Non-spawn monster count
 F = Spawn count percentage of total count
 G = Total turns spent on level
                    A         B        C        D         E        F      G
               +---------+---------+-------+---------+---------+-------+---------
         Total |       0 |      95 |   0.0 |       0 |      38 |   0.0 |   613
               +---------+---------+-------+---------+---------+-------+---------
           D:1 |       0 |      61 |   0.0 |       0 |      33 |   0.0 |   587
           D:2 |       0 |      34 |   0.0 |       0 |       5 |   0.0 |    26
               +---------+---------+-------+---------+---------+-------+---------
